 Dungeon Crawl Stone Soup version 0.31-a0-846-gb3bcc0d938 (webtiles) character file.

Game seed: 10333203989711470970

1212 Dirtsage the Ruffian (level 8, -12/67 HPs)
             Began as a White Draconian Shapeshifter on Oct 3, 2023.
             Was an Initiate of Gozag.
             Killed by divine providence
             ... invoked by an orc priest
              (15 damage)
             ... on level 6 of the Dungeon.
             The game lasted 00:13:27 (5353 turns).

Dirtsage the Ruffian (White Draconian Shapeshifter) Turns: 5353, Time: 00:13:27

Health: -12/67     AC:  6    Str: 18    XL:     8   Next: 22%
Magic:  8/8        EV: 12    Int: 12    God:    Gozag
Gold:   329        SH:  0    Dex: 10    Spells: 7/7 levels left

rFire   . .          .
                       - Unarmed
rCold   + . .        (no shield)
rNeg    . . .        (body armour unavailable)
rPois   .            (helmet currently unavailable)
rElec   .            (cloak currently unavailable)
rCorr   .            (gloves currently unavailable)
SInv    .            (boots currently unavailable)
Will    +....        (no amulet)
Stlth   +            x - ring of willpower
HPRegen 0.31/turn    p - +4 ring of slaying
MPRegen 0.11/turn

%: no passive effects
@: short of breath, beast-form, gold aura
A: beast (slay +3), breathe frost, AC +6, unfitting armour, cold resistance 1,
cold-blooded
a: Breathe Frost, Begin Untransformation, Renounce Religion, Potion Petition,
Call Merchant, Bribe Branch


You were on level 6 of the Dungeon.
You worshipped Gozag.
Gozag was aware of your devotion.
You were a hulking beast.
You visited 2 branches of the dungeon, and saw 7 of its levels.
You also visited: Sewer.

You collected 413 gold pieces.
You paid 84 gold pieces to Gozag.

Inventory:

Missiles
 o - 2 throwing nets
 v - 6 curare-tipped darts
Armour
 r - a +0 pair of gloves
Jewellery
 p - a +4 ring of slaying (right hand)
 u - a ring of ice
 x - a ring of willpower (left hand)
 C - a ring of resist corrosion
Talismans
 b - a beast talisman (active)
 c - a flux talisman
Scrolls
 d - 3 scrolls of blinking {unknown}
 f - 2 scrolls of vulnerability {unknown}
 g - a scroll of acquirement {unknown}
 i - a scroll of silence {unknown}
 j - 3 scrolls of fear {unknown}
 k - a scroll of immolation {unknown}
 l - 3 scrolls of fog {unknown}
 m - 2 scrolls of noise {unknown}
 s - 6 scrolls of identify {unknown}
 t - 3 scrolls of teleportation {unknown}
Potions
 a - 2 potions of lignification
 e - 7 potions of enlightenment
 h - a potion of ambrosia {unknown}
 n - 2 potions of might {unknown}
 q - 3 potions of mutation
 w - 3 potions of curing {unknown}


   Skills:
 + Level 4.7 Fighting
 - Level 1.7 Dodging
 * Level 6.9 Unarmed Combat
 * Level 6.4 Shapeshifting


You had 7 spell levels left.
You didn't know any spells.
Your spell library contained the following spells:

 Spells                   Type           Power      Damage    Failure   Level
 Summon Guardian Golem    Hex/Summ       0%         N/A       69%         3
 Orb of Destruction       Conj           0%         9d5       100%        7
 Spellforged Servitor     Conj/Summ      0%         N/A       100%        7


Dungeon Overview and Level Annotations

Branches:
Dungeon (6/15)             Temple (1/1) D:5           Sewer (visited)

Altars:
Ashenzari
Cheibriados
Dithmenos
Elyvilon
Gozag
Hepliaklqana
Kikubaaqudgha
Makhleb
Nemelex Xobeh
Okawaru
Qazlal
Ru
Sif Muna
Trog
Uskayaw
Xom
Yredelemnul
Zin

Shops:
D:1 [


Innate Abilities, Weirdness & Mutations

You are a hulking beast.
Your limbs bulge with bestial killing power. (Slay +3)
You can breathe waves of freezing cold which knock back foes.
Your icy white scales are hard. (AC +6)
You cannot fit into any form of body armour.
Your flesh is cold resistant. (rC+)
You are cold-blooded and may be slowed by cold attacks.


Message History

The freezing breath hits the orc priest!
The orc priest is severely wounded.
The orc priest is knocked back by the freezing wind.
The orc warrior hits you from afar with a +0 glaive!
The orc priest is distracted by your dazzling golden aura.
You take 8 damage, and have 48/67 hp.
You barely miss the orc warrior.
The orc priest looks encouraged for a moment.
The orc warrior barely misses you.
The orc warrior hits you from afar with a +0 glaive.
You take 3 damage, and have 45/67 hp.
The orc priest is distracted by your dazzling golden aura.
The orc warrior misses you. The orc warrior closely misses you.
Things that are here:
5 gold pieces; a +0 short sword You barely miss the orc warrior.
The orc priest shouts! x2
You tail-slap the orc warrior, but do no damage.
The orc warrior is moderately wounded.
The orc warrior barely misses you.
The orc warrior hits you with a +0 glaive.
You take 6 damage, and have 40/67 hp.
You hit the orc warrior. You tail-slap the orc warrior.
The orc warrior is severely wounded.
You closely miss the orc warrior.
The orc warrior is severely wounded.
The orc warrior hits you with a +0 glaive!!
The orc closely misses you. The orc warrior closely misses you.
You take 19 damage, and have 21/67 hp.
MASSIVE DAMAGE!!
You punch the orc warrior! Your punch misses the orc warrior.
The orc warrior is almost dead.
The orc priest is no longer distracted by gold. x2
The orc warrior hits you with a +0 glaive!
* * * LOW HITPOINT WARNING * * *
The orc hits you with a +1 heavy hand axe.
* * * LOW HITPOINT WARNING * * *
The orc priest invokes the aid of Beogh against you.
Beogh smites you!
You die...
Your body crumbles into a pile of gold.

###........####.........
#..........####.......)
#.#..##.....##.........
...#..##.............#..
## #...#.............# .
#.#.................#
##......................
#.....oo.....#..........
#>....oh....###.........
..##..o##....###........
......o ##...# ###......
....... .....# ..<...
....... ###.## .......
... ......# .. #.....


You could see 2 orc warriors, an orc priest and 2 orcs.

Vanquished Creatures
  A black bear (D:6)
  An ice beast (D:5)
  A phantom (D:5)
  2 scorpions (D:5)
  A bullfrog (D:6)
  2 jellies
  An orc priest (D:3)
  2 hounds
  3 gnoll boudas
  2 orc wizards
  19 gnolls
  13 adders
  4 river rats (Sewer)
  A white imp (D:5)
  3 worms
  8 dart slugs (D:3)
  17 orcs
  13 bats
  8 endoplasms
  6 giant cockroaches
  3 hobgoblins
  2 jackals (Sewer)
  6 quokkas
  7 ball pythons
  5 frilled lizards
  8 goblins
  8 kobolds
  2 rats
149 creatures vanquished.

Notes
Turn   | Place    | Note
-------+----------+-------------------------------------------
     0 | D:1      | Dirtsage the Draconian Shapeshifter began the quest for the
                  | Orb.
     0 | D:1      | Reached XP level 1. HP: 16/16 MP: 1/1
    61 | D:1      | Found Col Tis's Armour Shop.
   179 | D:1      | Reached XP level 2. HP: 23/23 MP: 2/2
   733 | D:2      | Reached XP level 3. HP: 25/29 MP: 3/3
   817 | D:2      | Found a faded altar of an unknown god.
  1294 | D:3      | Reached XP level 4. HP: 32/36 MP: 4/4
  1509 | D:3      | Found a glowing drain.
  1527 | D:3      | Reached XP level 5. HP: 42/42 MP: 5/5
  1539 | Sewer    | Entered a sewer
  1948 | Sewer    | Reached XP level 6. HP: 47/51 MP: 6/6
  2570 | D:3      | Found a broken altar of Ashenzari.
  2570 | D:3      | Found an opulent altar of Gozag.
  2577 | D:3      | Found a stormy altar of Qazlal.
  2579 | D:3      | Found a faded altar of an unknown god.
  2581 | D:3      | Found a faded altar of an unknown god.
  3014 | D:4      | Found a hazy altar of Hepliaklqana.
  3045 | D:4      | Identified the +11 dagger of War {chaos, Int+2}
  3240 | D:4      | Reached skill level 5 in Unarmed Combat
  3443 | D:4      | Reached skill level 5 in Shapeshifting
  3842 | D:4      | Identified the +1 robe of Syndicalism {Dex+6}
  3970 | D:5      | Entered Level 5 of the Dungeon
  3994 | D:5      | Your scales start taking on an icy white colour.
  3994 | D:5      | Reached XP level 7. HP: 53/57 MP: 7/7
  3994 | D:5      | Gained mutation: Your flesh is cold resistant. (rC+) [White
                  | Draconian growth]
  4343 | D:3      | Became a worshipper of Gozag Ym Sagoz the Greedy
  4809 | D:5      | Found a shimmering blue altar of Sif Muna.
  4915 | D:5      | Found a glowing silver altar of Zin.
  5010 | D:5      | Found a staircase to the Ecumenical Temple.
  5113 | Temple   | Entered the Ecumenical Temple
  5147 | D:6      | Reached XP level 8. HP: 66/67 MP: 8/8
  5353 | D:6      | HP: 3/67 [orc/+1 heavy hand axe (5)]
  5353 | D:6      | Killed from afar by an orc priest

Illustrated notes

Levels and vault maps discovered:
D:1:      dpeg_arrival_ternary, layout_loops_ring, serial_shops, shop
D:2:      layout_basic, shapermc_ecumenical_altar_flowoftime
D:3:      kennysheep_slugbush, layout_loops_ring,
          chequers_temple_overflow_minitemple, gup_sewer_entry_glass,
          grunt_decor_junction
D:4:      layout_basic, kennysheep_mini, serial_glass, glass_columns_a,
          glass_columns_b
D:5:      layout_loops_ring, mainiacjoe_overflow_swirl,
          minmay_temple_entry_trees
D:6:      layout_cave_pools, nzn_wu_jian_contemplation, vehumet_altar_wand_db,
          uniq_duvessa
Temple:   nicolae_temple_godzebo

Skill      XL: |  1  2  3  4  5  6  7 |
---------------+----------------------+-----
Fighting       | 2 3 4 |  4.7
Unarmed Combat | 4 5 6 |  6.9
Shapeshifting  | 4 5 6 |  6.4
Dodging        | |  1.7

Action                     |  1- 3 |  4- 6 |  7- 9 || total
---------------------------+-------+-------+-------++-------
  Melee: Unarmed           |    76 |   218 |    79 ||   373
         Tailslap          |     5 |    19 |    10 ||    34
         Punch             |     1 |     1 |     3 ||     5
Ability: Breathe Frost     |       |       |     1 ||     1
   Stab: Sleeping          |     1 |       |       ||     1
 Armour: Skin              |    50 |   131 |    57 ||   238
  Dodge: Dodged            |    54 |   138 |    50 ||   242

Table legend: (Time is in decaauts)
 A = Elapsed time spent in this place.
 B = Non-inter-level travel time spent in this place.
 C = Inter-level travel time spent in this place.
 D = Time resting spent in this place.
 E = Time spent auto-exploring this place.
 F = Levels seen in this place.
 G = Mean time per level.
                   A        B        C        D        E       F      G
               +--------+--------+--------+--------+--------+-----+--------+
         Total |   5500 |   4974 |    526 |     56 |   3849 |   8 |  687.5 |
       Dungeon |   4570 |   4045 |    525 |     56 |   3178 |   6 |  761.7 |
        Temple |      1 |      1 |      0 |      0 |      0 |   1 |    1.0 |
         Sewer |    928 |    928 |      0 |      0 |    670 |   1 |  928.0 |
               +--------+--------+--------+--------+--------+-----+--------+

Top non-repeatable levels by time:
     D:3: 1115 daAuts
     D:4: 1107 daAuts
     D:5: 957 daAuts
   Sewer: 928 daAuts
     D:1: 627 daAuts
     D:2: 610 daAuts
     D:6: 151 daAuts
  Temple: 1 daAuts
